 Dungeon Crawl Stone Soup version 0.19.5 (webtiles) character file.

149 Scud the Skirmisher (level 5, 0/28 HPs)
             Began as a Vine Stalker Fighter on Mar 15, 2017.
             Killed by divine providence
             ... invoked by an orc priest
              (8 damage)
             ... on level 3 of the Dungeon.
             The game lasted 00:09:04 (2003 turns).

Scud the Skirmisher (Vine Stalker Fighter)          Turns: 2003, Time: 00:09:05

Health: 0/28       AC:  9    Str: 19    XL:     5   Next: 31%
Magic:  0/6        EV:  7    Int:  8    God:
Gold:   83         SH:  9    Dex: 14    Spells: 0 memorised, 4 levels left

rFire  . . .     SeeInvis .     a - +1 long sword
rCold  . . .     Gourm    .     b - +0 scale mail
rNeg   . . .     Faith    .     c - +0 shield
rPois  .         Spirit   +     (no helmet)
rElec  .         Reflect  .     (no cloak)
rCorr  +         Harm     .     o - +2 pair of gloves
MR     .....                    (no boots)
Stlth  +.........               (no amulet)
                                j - ring of resist corrosion
                                g - ring of stealth

@: about to teleport
A: fangs 2, regeneration 1, magic shield, antimagic bite, no device heal 3, rot
immunity
a: no special abilities


You were on level 3 of the Dungeon.
You were not hungry.

You visited 1 branch of the dungeon, and saw 3 of its levels.

You collected 83 gold pieces.

Inventory:

Hand Weapons
 a - a +1 long sword (weapon)
Armour
 b - a +0 scale mail (worn)
 c - a +0 shield (worn)
 o - a +2 pair of gloves (worn)
Jewellery
 g - a ring of stealth (left hand)
 j - a ring of resist corrosion (right hand)
Scrolls
 k - a scroll of fog
Potions
 d - a potion of might
 e - a potion of brilliance
Comestibles
 f - 3 bread rations
 h - a beef jerky
 i - a royal jelly
 m - 2 meat rations
 n - a chunk of flesh


   Skills:
 * Level 3.5 Fighting
 + Level 3.3 Long Blades
 + Level 2.9 Armour
 + Level 3.2 Shields


You had 4 spell levels left.
You didn't know any spells.

Dungeon Overview and Level Annotations

Branches:
Dungeon (3/15)

Altars:
Vehumet


Innate Abilities, Weirdness & Mutations

You have extremely sharp teeth.
Your natural rate of healing is unusually fast.
When hurt, damage is shared between your health and your magic reserves.
Your bite disrupts and absorbs the magic of your enemies.
Potions and wands cannot restore your health.
You are immune to rotting.


Message History

The orc priest shouts!
There are monsters nearby!
You hit the orc priest. Your bite misses the orc priest.
The orc priest is lightly wounded.
You block the orc priest's attack.
You barely miss the orc priest.
The orc priest is lightly wounded.
The orc priest invokes the aid of Beogh against you.
Beogh smites you!
You hit the orc priest but do no damage.
The orc priest is lightly wounded.
The orc priest hits you but does no damage.
The orc priest hits you with a flail.
* * * LOW HITPOINT WARNING * * *
An orc comes into view. It is wielding a flail.
As you read the scroll of teleportation, it crumbles to dust.
You feel strangely unstable.
The orc priest invokes the aid of Beogh against you.
Beogh smites you!
You die... ..# ... .o# ..### ... ..#.. ##### .... #.P PP.#. #...# ..# # ..♣♣♣.P. ####...###o.#...# .P♣PPP

#........obo..... #.#.P♣.#
#.##..@######.#.#
..#..P.##.#......#.<.......
.##.......#..#.###.###.##.#
.......## #..#.###.#.......
#♣♣.♣♣..###..#............#
#♣♣.♣♣#...#..#####.######.#
.♣♣.♣♣.......## #.#
.♣♣..♣#####...####.### #
#♣..♣♣#####..........####.#


You could see 2 orc priests, an orc and a bat.

Vanquished Creatures
  Natasha (twice) (D:3)
  4 gnolls
  An adder (D:3)
  An ooze (D:1)
  A worm (D:2)
  2 orcs (D:3)
  A giant cockroach (D:1)
  6 goblins
  8 hobgoblins
  2 jackals (D:1)
  5 bats
  5 frilled lizards
  3 kobolds
  6 rats
47 creatures vanquished.

Notes
Turn   | Place    | Note
-------+----------+-------------------------------------------
     0 | D:1      | Scud the Vine Stalker Fighter began the quest for the Orb.
     0 | D:1      | Reached XP level 1. HP: 11/11 MP: 2/2
    34 | D:1      | Reached XP level 2. HP: 14/16 MP: 3/3
   363 | D:1      | Reached XP level 3. HP: 18/20 MP: 4/4
  1331 | D:2      | Found a radiant altar of Vehumet.
  1776 | D:3      | Noticed Natasha
  1784 | D:3      | Killed Natasha
  1784 | D:3      | Gained mutation: Your natural rate of healing is unusually fast. [Vine Stalker growth]
  1784 | D:3      | Reached XP level 4. HP: 13/24 MP: 3/5
  1946 | D:3      | Reached XP level 5. HP: 28/28 MP: 4/6
  1982 | D:3      | Noticed Natasha
  1991 | D:3      | Killed Natasha
  2003 | D:3      | Killed from afar by an orc priest

Skill      XL: |  1  2  3  4 |
---------------+-------------+-----
Fighting       | 3 |  3.5
Long Blades    | 2 3 |  3.3
Shields        | 3 |  3.2
Armour         | |  2.9

Action                   |  1- 3 |  4- 6 || total
-------------------------+-------+-------++-------
Melee: Long sword        |   117 |    31 ||   148
       Bite              |    28 |     9 ||    37
  Use: Potion            |     2 |     1 ||     3
       Scroll            |     6 |     3 ||     9
  Eat: Bread ration      |     1 |       ||     1
Armor: Scale mail        |    59 |    19 ||    78
Dodge: Dodged            |    40 |    12 ||    52
Block: Shield            |    63 |    12 ||    75
       Rpst.: Long sword |    10 |     4 ||    14
